 Dungeon Crawl Stone Soup version 0.26-a0-639-g72c4674329 (webtiles) character file.

Game seed: 8082164287032461604

57 DogServant the Shield-Bearer (level 4, 0/37 HPs)
             Began as a Formicid Fighter on Sept 19, 2020.
             Succumbed to an adder's poison
             ... on level 2 of the Dungeon.
             The game lasted 00:02:14 (1314 turns).

DogServant the Shield-Bearer (Formicid Fighter)     Turns: 1314, Time: 00:02:14

Health: 0/37       AC:  1    Str: 21    XL:     4   Next: 18%
Magic:  4/4        EV:  9    Int:  8    God:
Gold:   28         SH:  9    Dex: 10    Spells: 3/3 levels left

rFire    . . .     SeeInvis +   a - +0 war axe
rCold    . . .     Faith    .   c - +0 kite shield
rNeg     . . .     Spirit   .   (no armour)
rPois    .         Reflect  .   (helmet unavailable)
rElec    .         Harm     .   (no cloak)
rCorr    .         Rampage  .   f - +0 pair of gloves
MR       .....                  (no boots)
Stlth    +.........             (no amulet)
HPRegen  0.12/turn              (no ring)
MPRegen  0.09/turn              (no ring)

@: lethally poisoned (0 -> -1)
A: permanent stasis, dig shafts and tunnels, four strong arms, antennae 3
a: Dig, Shaft Self


You were on level 2 of the Dungeon.
You visited 1 branch of the dungeon, and saw 2 of its levels.

You collected 28 gold pieces.

Inventory:

Hand Weapons
 a - a +0 war axe (weapon)
Armour
 b - a +0 scale mail
 c - a +0 kite shield (worn)
 f - a +0 pair of gloves (worn)
 i - a +0 ring mail
Scrolls
 e - a scroll of identify
 g - a scroll of enchant armour
 h - a scroll of teleportation
Potions
 d - a potion of might
 j - a potion of cancellation {unknown}


   Skills:
 + Level 3.7 Fighting
 * Level 2.9 Axes
 + Level 3.8 Armour
 + Level 4.1 Shields


You had 3 spell levels left.
You didn't know any spells.
Your spell library was empty.

Dungeon Overview and Level Annotations

Branches:
Dungeon (2/15)

Altars:


Innate Abilities, Weirdness & Mutations

You cannot be hasted, slowed, berserked, paralysed or teleported.
You can dig through walls and to a lower floor.
Your four strong arms can wield two-handed weapons with a shield.
You have a pair of large antennae on your head. (SInv)


Message History

You feel sick.
Okay, then.
Okay, then.
There is a lethal amount of poison in your body!
As you read the scroll labeled HEHUIK ANT, it crumbles to dust.
You feel a strange sense of stasis.
It was a scroll of teleportation.
As you read the scroll labeled ANI FICIESTRUUNYS, it crumbles to dust.
The scroll dissolves into smoke.
It was a scroll of fog.
* * * LOW HITPOINT WARNING * * *
You feel sick.
There is a lethal amount of poison in your body!
* * * LOW HITPOINT WARNING * * *
You feel sick.
Found a puce potion.
* * * LOW HITPOINT WARNING * * *
You feel sick.
Found a mace.
You see here a puce potion.
j - a puce potion You die...

##)## # #...## #.
#.#..# #. #....#
#.####....#####
##.##.......§§§§§§#
#............§§§.§#
#.@....§.§.§§#
#....#+####.##§##
#.#..#.##...§...#
#..........{§§..#
#.#.#..#..?...[.#
.....#.......<...#
.#######.#........#
#.#........#
#........#


There were no monsters in sight!

Vanquished Creatures
  A gnoll (D:1)
  An adder (D:2)
  An ooze (D:2)
  2 dart slugs (D:1)
  A leopard gecko (D:1)
  A giant cockroach (D:1)
  2 goblins (D:1)
  A hobgoblin (D:1)
  4 jackals (D:1)
  8 bats (D:1)
  3 frilled lizards (D:1)
  3 kobolds (D:1)
  3 rats (D:1)
31 creatures vanquished.

Notes
Turn   | Place    | Note
-------+----------+-------------------------------------------
     0 | D:1      | DogServant the Formicid Fighter began the quest for the
                  | Orb.
     0 | D:1      | Reached XP level 1. HP: 18/18 MP: 1/1
   114 | D:1      | Reached XP level 2. HP: 24/24 MP: 2/2
   538 | D:1      | Reached XP level 3. HP: 29/29 MP: 3/3
   713 | D:1      | Reached skill level 4 in Shields
  1298 | D:2      | Reached XP level 4. HP: 14/37 MP: 4/4
  1307 | D:2      | HP: 1/37 [poisoned by an adder]
  1314 | D:2      | Succumbed to an adder's poison

Illustrated notes

Levels and vault maps discovered:
D:1:      minmay_arrival_jagged, layout_rooms, hangedman_decor_growths
D:2:      lemuel_upstairs_altar, layout_basic, lemuel_crystal_altar,
          uniq_crazy_yiuf_cottage, uniq_natasha, uniq_robin

Skill      XL: |  1  2  3 |
---------------+----------+-----
Shields        | 4 |  4.1
Fighting       | |  3.7
Axes           | |  2.9
Armour         | |  3.8

Action                   |  1- 3 |  4- 6 || total
-------------------------+-------+-------++-------
Melee: War axe           |    91 |     3 ||    94
  Use: Scroll            |     2 |     2 ||     4
 Stab: Distracted        |     1 |       ||     1
Armor: Scale mail        |    27 |       ||    27
       Skin              |     7 |       ||     7
Dodge: Dodged            |    48 |     2 ||    50
Block: Kite shield       |    58 |     1 ||    59

Table legend: (Time is in decaauts)
 A = Elapsed time spent in this place.
 B = Non-inter-level travel time spent in this place.
 C = Inter-level travel time spent in this place.
 D = Time resting spent in this place.
 E = Time spent auto-exploring this place.
 F = Levels seen in this place.
 G = Mean time per level.
                   A        B        C        D        E       F      G
               +--------+--------+--------+--------+--------+-----+--------+
         Total |   1355 |   1327 |     28 |    594 |    447 |   2 |  677.5 |
       Dungeon |   1355 |   1327 |     28 |    594 |    447 |   2 |  677.5 |
               +--------+--------+--------+--------+--------+-----+--------+

Top non-repeatable levels by time:
     D:1: 1322 daAuts
     D:2: 33 daAuts
